 Dungeon Crawl Stone Soup version 0.31-a0-845-g9abc20d24f (webtiles) character file.

Game seed: 14410111842183834888

760 Ijustatesigmund the Magician (level 7, -3/38 HPs)
             Began as a Deep Elf Fire Elementalist on Oct 3, 2023.
             Shot with an arrow by a centaur (13 damage)
             ... on level 5 of the Dungeon.
             The game lasted 00:08:14 (4565 turns).

Ijustatesigmund the Magician (DEFE)                 Turns: 4565, Time: 00:08:15

Health: -3/38      AC:  2    Str: 11    XL:     7   Next: 51%
Magic:  16/18      EV: 12    Int: 22    God:
Gold:   286        SH:  0    Dex: 15    Spells: 11/18 levels left

rFire   + . .        m - +2 sling (freeze)
rCold   + . .        (no shield)
rNeg    . . .        a - +0 robe
rPois   .            (no helmet)
rElec   .            q - scarf {rC+ rF+}
rCorr   .            (no gloves)
SInv    .            (no boots)
Will    .....        (no amulet)
Stlth   ++           f - +6 ring of strength
HPRegen 0.26/turn    (no ring)
MPRegen 0.16/turn

%: no passive effects
@: no status effects
A: no striking features
a: no special abilities


You were on level 5 of the Dungeon.
You visited 1 branch of the dungeon, and saw 5 of its levels.

You collected 413 gold pieces.
You spent 127 gold pieces at shops.

Inventory:

Hand Weapons
 k - a +2 dagger of flaming
 m - a +2 sling of freezing (weapon)
Missiles
 z - a throwing net
Armour
 a - a +0 robe (worn)
 q - a scarf of resistance (worn)
Jewellery
 f - a +6 ring of strength (left hand)
Wands
 u - a wand of polymorph (8)
Scrolls
 d - 2 scrolls of summoning {unknown}
 e - a scroll of enchant weapon {unknown}
 j - 3 scrolls of fog {unknown}
 l - a scroll of teleportation {unknown}
 p - a scroll of immolation {unknown}
 r - 3 scrolls of poison {unknown}
 s - a scroll of enchant armour {unknown}
 y - a scroll of blinking {unknown}
 A - a scroll of silence {unknown}
 B - a scroll of vulnerability {unknown}
 C - a scroll of revelation {unknown}
Potions
 b - a potion of magic
 c - a potion of mutation
 g - a potion of enlightenment
 h - 4 potions of curing
 i - a potion of brilliance
 n - a potion of cancellation {unknown}
 o - a potion of lignification {unknown}
 t - a potion of heal wounds {unknown}
 v - 2 potions of degeneration {unknown}
 w - 2 potions of attraction {unknown}
 x - a potion of invisibility {unknown}


   Skills:
 - Level 1.3 Fighting
 + Level 4.3 Ranged Weapons
 - Level 2.4 Dodging
 - Level 2.4 Stealth
 + Level 6.1 Spellcasting
 + Level 4.6 Conjurations
 + Level 5.7 Fire Magic


You had 11 spell levels left.
You knew the following spells:

 Your Spells              Type           Power      Damage    Failure   Level
a - Foxfire               Conj/Fire      100%       2x1d9     1%          1
b - Scorch                Fire           62%        2d7       1%          2
c - Flame Wave            Conj/Fire      29%        2d9       11%         4

Your spell library contained the following spells:

 Spells                   Type           Power      Damage    Failure   Level
 Inner Flame              Hex/Fire       19%        N/A       9%          3
 Volatile Blastmotes      Fire/Tloc      38%        2d13      9%          3
 Wereblood                Tmut           6%         N/A       14%         2
 Irradiate                Conj/Tmut      8%         3d14      67%         5


Dungeon Overview and Level Annotations

Branches:
Dungeon (5/15)
 Temple: D:4-7

Altars:
Gozag
Kikubaaqudgha
Okawaru
Sif Muna
Trog

Shops:
D:5 *

Annotations:
D:5 1 runed translucent door, Crazy Yiuf


Message History

An iguana comes into view.
Casting: Scorch (safe; 1% risk of failure)
Confirm with . or Enter, or press ? or * to list all spells.
Flames lash the iguana.
The iguana hisses angrily.
The iguana is heavily wounded.
The iguana's fire resistance burns away.
The iguana bites you!
Casting: Scorch (safe; 1% risk of failure)
Confirm with . or Enter, or press ? or * to list all spells.
Flames lash the iguana.
The iguana is burned terribly!
The iguana is almost dead.
The iguana bites you. The iguana bites you.
Casting: Scorch (safe; 1% risk of failure)
Confirm with . or Enter, or press ? or * to list all spells.
Flames lash the iguana.
The iguana is burned terribly!
You kill the iguana!
HP restored.
You see here an iguana corpse.
You now have 286 gold pieces (gained 12).
You see here a +0 mace.
h - 4 potions of curing (gained 1)
There is an escape hatch in the floor here.
A centaur comes into view.
You shoot a sling bullet. The sling bullet hits the centaur.
The sling bullet freezes the centaur.
The centaur shouts!
The centaur is lightly wounded.
The centaur wields a +0 orcbow.
The centaur shoots an arrow.
The arrow hits you!
Casting: Scorch (safe; 1% risk of failure)
Confirm with . or Enter, or press ? or * to list all spells.
Flames lash the centaur.
The centaur is almost dead.
The centaur's fire resistance burns away.
The centaur shoots an arrow.
The arrow hits you!
* * * LOW HITPOINT WARNING * * *
The centaur shoots an arrow.
The arrow hits you!
You die...

#.# #.# #.# #.# #.# #.#
################.######### #.#
......))................># #.#
##..)###########.#######.# #.#
.....>................##.# #.#
##...###########.####.##.####.#
#...# #@# #.......# #...#
#..c...#..###### #...#
########..# #...# #..# #...#
#..# #...# ##### #..# #...#
#)g.# #..# ##.## #...# #..# #.#
... #..#


You could see a centaur (combustible).

Vanquished Creatures
  Eustachio (D:5)
  Menkaure (D:5)
  An ogre (D:5)
  A scorpion (D:5)
  4 hounds
  A jelly (D:5)
  An iguana (D:5)
  2 orc wizards (D:5)
  5 adders
  2 worms (D:2)
  10 dart slugs (D:3)
  14 orcs
  3 bats
  4 endoplasms
  3 giant cockroaches
  2 goblins (D:4)
  7 hobgoblins
  3 jackals (D:3)
  4 quokkas
  2 ball pythons
  3 frilled lizards
  6 kobolds
  3 rats
83 creatures vanquished.

Vanquished Creatures (others)
  33 foxfires
33 creatures vanquished.

Grand Total: 116 creatures vanquished

Notes
Turn   | Place    | Note
-------+----------+-------------------------------------------
     0 | D:1      | Ijustatesigmund the Deep Elf Fire Elementalist began the
                  | quest for the Orb.
     0 | D:1      | Reached XP level 1. HP: 10/10 MP: 6/6
   613 | D:2      | Reached XP level 2. HP: 13/16 MP: 6/8
   616 | D:2      | Learned a level 2 spell: Scorch
   821 | D:2      | Reached XP level 3. HP: 20/20 MP: 7/10
   964 | D:2      | You fall into a shaft and drop 1 floor!
   968 | D:3      | Reached skill level 1 in Fighting
  1103 | D:2      | Found an ancient bone altar of Kikubaaqudgha.
  1606 | D:3      | Reached XP level 4. HP: 25/25 MP: 8/11
  1617 | D:3      | Learned a level 4 spell: Flame Wave
  1896 | D:3      | Reached skill level 4 in Spellcasting
  2061 | D:3      | Found a shimmering blue altar of Sif Muna.
  2441 | D:3      | Found an iron altar of Okawaru.
  2743 | D:4      | Reached skill level 1 in Ranged Weapons
  2743 | D:4      | Reached XP level 5. HP: 24/29 MP: 8/13
  2813 | D:4      | Found an opulent altar of Gozag.
  2963 | D:4      | Found a bloodstained altar of Trog.
  3011 | D:4      | Found an ancient bone altar of Kikubaaqudgha.
  3279 | D:5      | Entered Level 5 of the Dungeon
  3279 | D:5      | Found Hivy's Assorted Antiques.
  3482 | D:5      | Bought a scroll labelled WECERU MEIVAKH for 26 gold pieces
  3482 | D:5      | Bought a scroll labelled NILI KYELIUH for 26 gold pieces
  3482 | D:5      | Bought a lumpy silvery potion for 23 gold pieces
  3482 | D:5      | Bought a scroll labelled FANUEMESODD for 26 gold pieces
  3482 | D:5      | Bought a scroll labelled YMOWEE SEERU for 26 gold pieces
  3830 | D:5      | Noticed Menkaure
  3839 | D:5      | Killed Menkaure
  3840 | D:5      | Reached skill level 5 in Spellcasting
  3840 | D:5      | Reached XP level 6. HP: 28/34 MP: 6/15
  3851 | D:5      | Reached skill level 5 in Fire Magic
  3922 | D:5      | Noticed Eustachio
  3934 | D:5      | Killed Eustachio
  3935 | D:5      | Reached XP level 7. HP: 30/38 MP: 5/17
  4183 | D:5      | Reached skill level 6 in Spellcasting
  4309 | D:5      | Found a runed translucent door.
  4310 | D:5      | Noticed Crazy Yiuf
  4565 | D:5      | Shot with an arrow by a centaur

Illustrated notes

Levels and vault maps discovered:
D:1:      ncdulo_lavacross, layout_rooms, serial_forest,
          infiniplex_forest_corner_1, infiniplex_forest_lined_corner,
          infiniplex_forest_corner_1, infiniplex_forest_end_3,
          infiniplex_forest_lined_room_, infiniplex_forest_straight_3,
          infiniplex_forest_fountain, infiniplex_forest_lined_3_way,
          infiniplex_forest_diagonal
D:2:      layout_basic, basic_altar
D:3:      kennysheep_slugbush, layout_loops_corners, old_standard_altar,
          mainiacjoe_overflow_boulevard, minivault_4,
          chequers_serial_rivers_marsh, grunt_ministairs_8
D:4:      layout_basic, trog_hazing_becter,
          nicolae_gozag_cash_rules_everything_around_me,
          nicolae_kikubaaqudgha_miasma_corner
D:5:      layout_basic, serial_shops, shop, uniq_eustachio,
          uniq_crazy_yiuf_cottage, uniq_menkaure

Skill      XL: |  1  2  3  4  5  6  7 |
---------------+----------------------+-----
Fighting       | 1 |  1.3
Conjurations   | 2 3 4 |  4.6
Fire Magic     | 4 5 |  5.7
Spellcasting   | 4 5 6 |  6.1
Ranged Weapons | 1 2 3 4 |  4.3
Dodging        | |  2.4
Stealth        | |  2.4

Action                     |  1- 3 |  4- 6 |  7- 9 || total
---------------------------+-------+-------+-------++-------
   Fire: Sling             |    43 |    56 |    21 ||   120
   Cast: Foxfire           |     7 |    11 |     1 ||    19
         Scorch            |    14 |    22 |    11 ||    47
         Flame Wave        |       |     2 |       ||     2
    Use: Scroll            |       |     4 |       ||     4
         Potion            |       |     1 |       ||     1
 Armour: Robe              |     7 |    13 |     8 ||    28
  Dodge: Dodged            |    11 |    15 |     1 ||    27

Table legend: (Time is in decaauts)
 A = Elapsed time spent in this place.
 B = Non-inter-level travel time spent in this place.
 C = Inter-level travel time spent in this place.
 D = Time resting spent in this place.
 E = Time spent auto-exploring this place.
 F = Levels seen in this place.
 G = Mean time per level.
                   A        B        C        D        E       F      G
               +--------+--------+--------+--------+--------+-----+--------+
         Total |   4617 |   4510 |    107 |    473 |   3494 |   5 |  923.4 |
       Dungeon |   4617 |   4510 |    107 |    473 |   3494 |   5 |  923.4 |
               +--------+--------+--------+--------+--------+-----+--------+

Top non-repeatable levels by time:
     D:5: 1108 daAuts
     D:3: 1038 daAuts
     D:4: 957 daAuts
     D:2: 909 daAuts
     D:1: 602 daAuts
